 Dungeon Crawl Stone Soup version 0.22-a0-422-g9628fc8 (webtiles) character file.

2816 galech the Spear-Bearer (level 9, -5/71 HPs)
             Began as a Gnoll Wanderer on May 16, 2018.
             Was a Believer of Okawaru.
             Killed from afar by an electric eel (13 damage)
             ... with a bolt of electricity
             ... on level 6 of the Dungeon.
             The game lasted 00:11:33 (6035 turns).

galech the Spear-Bearer (Gnoll Wanderer)            Turns: 6035, Time: 00:11:34

Health: -5/71      AC: 11    Str: 17    XL:     9   Next: 72%
Magic:  15/15      EV: 15    Int: 13    God:    Okawaru [**....]
Gold:   322        SH:  6    Dex: 17    Spells: 16/16 levels left

rFire    + . .     SeeInvis .   L - +5 spear
rCold    . . .     Gourm    .   o - +0 buckler
rNeg     . . .     Faith    .   H - +2 leather armour {rF+}
rPois    .         Spirit   .   (no helmet)
rElec    .         Reflect  .   F - +0 cloak
rCorr    .         Harm     .   G - +2 pair of gloves
MR       .....                  y - +0 pair of boots
Stlth    +++.......             (no amulet)
HPRegen  0.21/turn              g - +4 ring of slaying
MPRegen  0.14/turn              (no ring)

@: no status effects
A: distributed training, fangs 1, strong nose
a: Heroism, Renounce Religion


You were on level 6 of the Dungeon.
You worshipped Okawaru.
Okawaru was pleased with you.
You were not hungry.

You visited 2 branches of the dungeon, and saw 7 of its levels.
You also visited: Sewer.

You collected 322 gold pieces.

Inventory:

Hand Weapons
 d - a +0 spear
 e - a +1 short sword of venom
 L - a +5 spear (weapon)
Missiles
 b - 3 throwing nets (quivered)
Armour
 m - a +0 ring mail
 o - a +0 buckler (worn)
 r - a +2 robe of positive energy
 x - a +0 leather armour of fire resistance
 y - a +0 pair of boots (worn)
 F - a +0 cloak (worn)
 G - a +2 pair of gloves (worn)
 H - a +2 leather armour of fire resistance (worn)
 M - a +2 robe
Jewellery
 g - a +4 ring of slaying (left hand)
Wands
 q - a wand of iceblast (13)
 z - a wand of polymorph (16)
Scrolls
 a - 2 scrolls of immolation
 h - 5 scrolls of remove curse
 i - 3 scrolls of identify
 l - 4 scrolls of teleportation
 n - 3 scrolls of enchant armour
 w - 3 scrolls of amnesia
 D - a scroll of fog {unknown}
 E - a scroll of summoning {unknown}
 J - a scroll of blinking {unknown}
 K - a scroll of magic mapping
Potions
 c - 3 potions of lignification
 j - a potion of might {unknown}
 k - a potion of haste {unknown}
 p - 2 potions of resistance {unknown}
 s - 3 potions of curing {unknown}
 t - a potion of flight {unknown}
 u - 3 potions of heal wounds {unknown}
 v - a potion of berserk rage {unknown}
 A - a potion of ambrosia {unknown}
 B - a potion of agility
 C - a potion of magic {unknown}
Comestibles
 f - 13 rations
 I - 7 chunks of flesh


   Skills:
 + Level 6.4 Fighting
 + Level 4.4 Short Blades
 + Level 4.4 Long Blades
 + Level 4.4 Axes
 + Level 4.4 Maces & Flails
 + Level 8.0 Polearms
 + Level 4.4 Staves
 + Level 4.4 Slings
 + Level 4.4 Bows
 + Level 4.4 Crossbows
 + Level 5.2 Throwing
 + Level 4.4 Armour
 + Level 5.2 Dodging
 + Level 4.4 Stealth
 + Level 5.2 Shields
 + Level 6.4 Unarmed Combat
 + Level 4.4 Spellcasting
 + Level 3.6 Conjurations
 + Level 3.6 Hexes
 + Level 3.6 Charms
 + Level 3.6 Summonings
 + Level 3.6 Necromancy
 + Level 3.6 Translocations
 + Level 3.6 Transmutations
 + Level 3.6 Fire Magic
 + Level 3.6 Ice Magic
 + Level 3.6 Air Magic
 + Level 3.6 Earth Magic
 + Level 3.6 Poison Magic
 + Level 4.9 Invocations
 + Level 4.4 Evocations


You had 16 spell levels left.
You didn't know any spells.
Your spell library contained the following spells:

 Spells                   Type           Power        Failure   Level  Hunger
 Confuse                  Hex            ##......     16%         3    ###....
 Confusing Touch          Hex            ##....       5%          1    None
 Metabolic Englaciation   Hex/Ice        ##........   82%         5    ######.
 Petrify                  Tmut/Erth      ##......     45%         4    ####...
 Gell's Gravitas          Tloc           ##........   16%         3    ###....
 Yara's Violent Unravell  Hex/Tmut       ##........   82%         5    ######.


Dungeon Overview and Level Annotations

Branches:
Dungeon (6/15)             Temple (1/1) D:4

Altars:
Ashenzari
Cheibriados
Dithmenos
Elyvilon
Gozag
Hepliaklqana
Kikubaaqudgha
Nemelex Xobeh
Okawaru
Qazlal
Trog
Uskayaw
Vehumet
Wu Jian
Yredelemnul
Zin


Innate Abilities, Weirdness & Mutations

Your experience applies equally to all skills.
You have very sharp teeth.
Your uncanny sense of smell can sniff out nearby items.


Message History

The electric eel shoots out a bolt of lightning at you!
The bolt of electricity hits the plant.
The bolt of electricity hits you!
The electric eel shoots out a bolt of lightning at you!
The bolt of electricity hits the plant.
The bolt of electricity hits you!
* * * LOW HITPOINT WARNING * * *
The electric eel shoots out a bolt of lightning at you!
The bolt of electricity misses you.
Throwing (i - inventory)
b - 4 throwing nets (quivered)
Press: ? - help, Shift-Dir - straight line, f - electric eel
Aim: an electric eel (water)
You throw a throwing net.
The throwing net closely misses the electric eel.
You hear a splash.
The electric eel shoots out a bolt of lightning at you!
The bolt of electricity hits the plant. x2; The bolt of electricity hits you!
* * * LOW HITPOINT WARNING * * *
Okay, then.
The electric eel shoots out a bolt of lightning at you!
The bolt of electricity hits you!
You die...

#.##.# #....≈≈≈≈#
#.##.# #....≈≈P##
#.##.# ####≈≈≈##
###############.##.#
#####
#.).............##.#
##.################.#
........# #[#
##.####p###########.#
##.####....>♣...@[..#
##.........♣≈♣..#####
##########♣p≈;♣.#
####♣≈P≈♣.#
....≈PP≈≈♣#
#...≈≈≈≈≈♣#
♣...P≈P≈P≈#
;...≈≈≈≈≈≈#
≈P..≈≈≈≈≈≈≈#


You could see an electric eel and a neutral freed slave (wandering).

Vanquished Creatures
  Pikel (D:6)
  Sigmund (D:3)
  Eustachio (D:6)
  An orc warrior (D:6)
  A sky beast (D:5)
  3 slaves (D:6)
  An ice beast (D:5)
  3 ogres
  2 phantoms
  4 big kobolds (Sewer)
  A bullfrog (D:6)
  A scorpion (D:5)
  5 wights (D:6)
  An electric eel (D:6)
  2 howler monkeys
  A crimson imp (D:6)
  5 hounds
  A bullfrog skeleton (D:4)
  An orc wizard (D:6)
  Natasha (thrice) (D:3)
  An iguana (D:5)
  3 worker ants
  A howler monkey zombie (D:6)
  4 river rats
  6 adders
  An adder zombie (D:6)
  5 oozes (Sewer)
  5 worms
  2 dart slugs
  13 orcs
  3 bats
  4 giant cockroaches
  10 goblins
  9 hobgoblins
  6 jackals
  10 kobolds
  3 quokkas
  8 ball pythons
  3 frilled lizards
  13 rats
149 creatures vanquished.

Notes
Turn   | Place    | Note
-------+----------+-------------------------------------------
     0 | D:1      | galech the Gnoll Wanderer began the quest for the Orb.
     0 | D:1      | galech set off with: a +0 leather armour, 3 throwing nets, a potion of lignification, a +0 spear, a ration
     0 | D:1      | Reached XP level 1. HP: 20/20 MP: 1/1
   165 | D:1      | Reached XP level 2. HP: 26/26 MP: 2/2
   695 | D:2      | Reached XP level 3. HP: 31/31 MP: 3/3
   715 | D:2      | You fall through a shaft!
   810 | D:3      | Noticed Sigmund
   826 | D:3      | Killed Sigmund
   826 | D:3      | Reached skill level 1 in Short Blades
   826 | D:3      | Reached skill level 1 in Long Blades
   826 | D:3      | Reached skill level 1 in Axes
   826 | D:3      | Reached skill level 1 in Maces & Flails
   826 | D:3      | Reached skill level 1 in Staves
   826 | D:3      | Reached skill level 1 in Slings
   826 | D:3      | Reached skill level 1 in Bows
   826 | D:3      | Reached skill level 1 in Crossbows
   826 | D:3      | Reached skill level 1 in Armour
   826 | D:3      | Reached skill level 1 in Stealth
   826 | D:3      | Reached skill level 1 in Spellcasting
   826 | D:3      | Reached skill level 1 in Conjurations
   826 | D:3      | Reached skill level 1 in Hexes
   826 | D:3      | Reached skill level 1 in Charms
   826 | D:3      | Reached skill level 1 in Summonings
   826 | D:3      | Reached skill level 1 in Necromancy
   826 | D:3      | Reached skill level 1 in Translocations
   826 | D:3      | Reached skill level 1 in Transmutations
   826 | D:3      | Reached skill level 1 in Fire Magic
   826 | D:3      | Reached skill level 1 in Ice Magic
   826 | D:3      | Reached skill level 1 in Air Magic
   826 | D:3      | Reached skill level 1 in Earth Magic
   826 | D:3      | Reached skill level 1 in Poison Magic
   826 | D:3      | Reached skill level 1 in Invocations
   826 | D:3      | Reached skill level 1 in Evocations
   826 | D:3      | Reached XP level 4. HP: 33/38 MP: 3/6
   826 | D:3      | Reached XP level 5. HP: 37/43 MP: 3/7
  1444 | D:2      | Reached XP level 6. HP: 50/50 MP: 8/8
  2161 | D:3      | Noticed Natasha
  2168 | D:3      | Killed Natasha
  2227 | D:3      | Noticed Natasha
  2233 | D:3      | Killed Natasha
  2365 | D:3      | Noticed Natasha
  2372 | D:3      | Killed Natasha
  2372 | D:3      | Reached skill level 5 in Fighting
  2372 | D:3      | Reached skill level 5 in Unarmed Combat
  2730 | D:4      | Noticed a phantom
  2751 | D:4      | Killed a phantom
  2751 | D:4      | Reached XP level 7. HP: 42/56 MP: 10/10
  2757 | D:4      | Reached skill level 7 in Polearms
  3088 | D:4      | Found a staircase to the Ecumenical Temple.
  3095 | Temple   | Entered the Ecumenical Temple
  3120 | Temple   | Became a worshipper of Warmaster Okawaru
  3720 | D:5      | Entered Level 5 of the Dungeon
  3761 | D:5      | Found a glowing drain.
  3768 | Sewer    | Entered a sewer
  3985 | Sewer    | Reached XP level 8. HP: 63/63 MP: 12/12
  4346 | D:5      | Reached * piety under Okawaru
  4547 | D:5      | Found a basalt altar of Yredelemnul.
  4986 | D:6      | Reached XP level 9. HP: 58/69 MP: 14/14
  5277 | D:6      | Noticed Eustachio
  5292 | D:6      | Killed Eustachio
  5510 | D:6      | Reached ** piety under Okawaru
  5832 | D:6      | Reached skill level 5 in Throwing
  5832 | D:6      | Reached skill level 5 in Dodging
  5832 | D:6      | Reached skill level 5 in Shields
  5936 | D:6      | Noticed Pikel
  6013 | D:6      | Killed Pikel
  6013 | D:6      | Reached skill level 8 in Polearms
  6035 | D:6      | Killed from afar by an electric eel

Vault maps used:
D:1:      giann_horns
D:2:      kennysheep_six_static_rooms, minmay_item_behind_shaft
D:3:      minmay_door_path, uniq_natasha, uniq_sigmund
D:4:      temple_green, first_ration
D:5:      cheibrodos_sewer_entry_sluice, basic_altar, enter_ossuary_2,
          st_stairs_7
D:6:      serial_bayou, serial_bayou_lagoon_b, serial_bayou_pond_c,
          serial_bayou_ford_a, serial_bayou_shore_b, uniq_crazy_yiuf_cottage,
          uniq_eustachio, uniq_pikel
Temple:   nicolae_temple_the_god_donut
Sewer:    sewer_co_tree

Skill      XL: |  1  2  3  4  5  6  7  8  9 |
---------------+----------------------------+-----
Short Blades   | 1 2 3 4 |  4.4
Long Blades    | 1 2 3 4 |  4.4
Axes           | 1 2 3 4 |  4.4
Maces & Flails | 1 2 3 4 |  4.4
Staves         | 1 2 3 4 |  4.4
Slings         | 1 2 3 4 |  4.4
Bows           | 1 2 3 4 |  4.4
Crossbows      | 1 2 3 4 |  4.4
Throwing       | 3 4 5 |  5.2
Armour         | 1 2 3 4 |  4.4
Dodging        | 3 4 5 |  5.2
Stealth        | 1 2 3 4 |  4.4
Shields        | 3 4 5 |  5.2
Spellcasting   | 1 2 3 4 |  4.4
Conjurations   | 1 2 3 |  3.6
Hexes          | 1 2 3 |  3.6
Charms         | 1 2 3 |  3.6
Summonings     | 1 2 3 |  3.6
Necromancy     | 1 2 3 |  3.6
Translocations | 1 2 3 |  3.6
Transmutations | 1 2 3 |  3.6
Fire Magic     | 1 2 3 |  3.6
Ice Magic      | 1 2 3 |  3.6
Air Magic      | 1 2 3 |  3.6
Earth Magic    | 1 2 3 |  3.6
Poison Magic   | 1 2 3 |  3.6
Invocations    | 1 2 3 4 |  4.9
Evocations     | 1 2 3 4 |  4.4
Fighting       | 5 6 |  6.4
Unarmed Combat | 5 6 |  6.4
Polearms       | 7 8 |  8.0

Action                   |  1- 3 |  4- 6 |  7- 9 || total
-------------------------+-------+-------+-------++-------
Melee: Spear             |    68 |   119 |   441 ||   628
       Punch             |     2 |     5 |       ||     7
       Bite              |       |    11 |    53 ||    64
Throw: Throwing net      |       |       |     1 ||     1
  Use: Scroll            |       |     7 |     1 ||     8
 Stab: Sleeping          |       |     4 |     5 ||     9
       Distracted        |       |       |     1 ||     1
  Eat: Chunk             |       |     6 |    11 ||    17
Armor: Leather armour    |     1 |       |    19 ||    20
       Ring mail         |     1 |    10 |    30 ||    41
Dodge: Dodged            |    14 |    21 |   135 ||   170
Block: Buckler           |       |       |    57 ||    57

Table legend:
 A = Spawn XP
 B = Non-spawn XP
 C = Spawn XP percentage of total XP
 D = Spawn monster count
 E = Non-spawn monster count
 F = Spawn count percentage of total count
 G = Total turns spent on level
                    A         B        C        D         E        F      G
               +---------+---------+-------+---------+---------+-------+---------
         Total |       0 |    4024 |   0.0 |       0 |     146 |   0.0 |  6035
               +---------+---------+-------+---------+---------+-------+---------
           D:1 |       0 |      31 |   0.0 |       0 |      18 |   0.0 |   653
           D:2 |       0 |      60 |   0.0 |       0 |      20 |   0.0 |   817
           D:3 |       0 |     370 |   0.0 |       0 |      22 |   0.0 |  1096
           D:4 |       0 |     515 |   0.0 |       0 |      18 |   0.0 |  1105
           D:5 |       0 |     681 |   0.0 |       0 |      10 |   0.0 |   703
           D:6 |       0 |    1854 |   0.0 |       0 |      30 |   0.0 |  1093
         Sewer |       0 |     513 |   0.0 |       0 |      28 |   0.0 |   519
               +---------+---------+-------+---------+---------+-------+---------
